 Dungeon Crawl Stone Soup version 0.28.0-53-g5a82cb258f (console) character file.

Game seed: 6931862497608564231

56 Banquo the Chopper (level 3, 0/26 HPs)
             Began as an Octopode Fighter on July 29, 2022.
             Slain by Sigmund
             ... wielding a +0 scythe
              (10 damage)
             ... on level 2 of the Dungeon.
             The game lasted 00:03:33 (979 turns).

Banquo the Chopper (Octopode Fighter)                Turns: 979, Time: 00:03:33

Health: 0/26       AC:  1    Str: 15    XL:     3   Next: 95%
Magic:  3/3        EV: 13    Int: 18    God:
Gold:   70         SH:  4    Dex: 11    Spells: 2/2 levels left

rFire   . . .      SeeInvis .   a - +0 war axe
rCold   . . .      Faith    .   b - +0 buckler
rNeg    . . .      Spirit   .   (helmet restricted)
rPois   .          Reflect  .   (no amulet)
rElec   .          Harm     .   g - +6 ring of intelligence
rCorr   .          Rampage  .   (no ring)
Will    .....                   (no ring)
Stlth   ++........              (no ring)
HPRegen 0.08/turn               (no ring)
MPRegen 0.08/turn               (no ring)
                                (no ring)
                                (no ring)

@: mighty
A: almost no armour, amphibious, 8 rings, camouflage 1, gelatinous body 1,
(nimble swimmer 1), tentacles
a: no special abilities


You were on level 2 of the Dungeon.
You visited 1 branch of the dungeon, and saw 2 of its levels.

You collected 70 gold pieces.

Inventory:

Hand Weapons
 a - a +0 war axe (weapon)
 e - a +0 spear
Missiles
 d - 73 stones (quivered)
 f - 29 sling bullets
Armour
 b - a +0 buckler (worn)
Magical Staves
 h - a staff of air
Jewellery
 g - a +6 ring of intelligence (left tentacle)
Scrolls
 i - a scroll of noise {unknown}
 l - 2 scrolls of fog {unknown}
 n - a scroll of vulnerability {unknown}
Potions
 j - a potion of ambrosia {unknown}
 k - a potion of heal wounds
 m - a potion of lignification {unknown}


   Skills:
 + Level 3.2 Fighting
 * Level 3.3 Axes
 + Level 3.2 Dodging
 + Level 1.0 Stealth
 + Level 3.2 Shields


You had 2 spell levels left.
You didn't know any spells.
Your spell library was empty.

Dungeon Overview and Level Annotations

Branches:
Dungeon (2/15)

Altars:

Annotations:
D:2 Sigmund


Innate Abilities, Weirdness & Mutations

You cannot wear most types of armour.
You are amphibious.
You can wear up to eight rings at the same time.
Your skin changes colour to match your surroundings (Stealth+).
Your rubbery body absorbs attacks. (AC +1, EV +1)
((You are camouflaged when in or above water. (Stealth+)))
You have tentacles for arms and can constrict up to eight enemies at once.


Message History

a +0 dagger; a goblin corpse You now have 64 gold pieces (gained 6).
Things that are here:
a +0 robe; a hobgoblin corpse
Things that are here:
an adder corpse; a jackal corpse You now have 70 gold pieces (gained 6).
l - 2 scrolls labelled FADEFAQ PORPHAZO
m - a viscous orange potion A hobgoblin comes into view.
The helpless hobgoblin fails to defend itself.
You hit the hobgoblin. You grab the hobgoblin. You squeeze the hobgoblin.
You kill the hobgoblin!
No target in view!
n - a scroll labelled TUGRYG ADGHOUGU Sigmund gestures at you while chanting.
You resist with significant effort.
Sigmund drinks a potion.
Sigmund seems to speed up.
You hit Sigmund but do no damage. Your grab misses Sigmund.
You squeeze Sigmund.
Sigmund is lightly wounded.
Sigmund is suddenly surrounded by pale green light.
Sigmund casts a spell at you. The puff of flame misses you.
Sigmund barely misses you.
You hit Sigmund. Your grab misses Sigmund.
Sigmund is lightly wounded.
Sigmund gestures wildly while chanting.
Sigmund flickers and vanishes!
Deactivating autopickup; reactivate with Ctrl-A.
You hear some strange, mumbled words.
A puff of flame appears from out of thin air!
The puff of flame misses you.
You feel very mighty all of a sudden. Something hits you.
You closely miss something. Your squeeze misses something.
Something barely misses you.
You slash something! Something hits you!
Ouch! That really hurt!
Something hits you!
You die...

### #### ... .....
#.###.#############..###
........................
.......@######.##.######
#...##.{######....# #.
#.......<....#
....######.### ......
#...# ...###.###.#.#
....+.........#
##...###.###.###
+........####..


There were no monsters in sight!

Vanquished Creatures
  2 adders (D:2)
  A dart slug (D:1)
  2 bats (D:1)
  5 endoplasms
  3 giant cockroaches (D:1)
  2 goblins
  2 hobgoblins (D:2)
  A jackal (D:2)
  2 kobolds (D:1)
  A quokka (D:1)
  4 ball pythons
  4 frilled lizards (D:1)
  5 rats (D:1)
34 creatures vanquished.

Notes
Turn   | Place    | Note
-------+----------+-------------------------------------------
     0 | D:1      | Banquo the Octopode Fighter began the quest for the Orb.
     0 | D:1      | Reached XP level 1. HP: 16/16 MP: 1/1
   119 | D:1      | Reached XP level 2. HP: 14/21 MP: 2/2
   423 | D:1      | Reached XP level 3. HP: 26/26 MP: 3/3
   435 | D:1      | Found a faded altar of an unknown god.
   736 | D:2      | Noticed Sigmund
   801 | D:2      | Reached skill level 1 in Stealth
   979 | D:2      | Slain by Sigmund

Illustrated notes

Levels and vault maps discovered:
D:1:      shiori_arrival_elements, layout_basic, ebering_ecumenical_altar_box
D:2:      layout_basic, serial_shops, shop, minmay_tall_x, uniq_sigmund

Skill      XL: |  1  2  3 |
---------------+----------+-----
Axes           | 3 |  3.3
Stealth        | 1 |  1.0
Fighting       | |  3.2
Dodging        | |  3.2
Shields        | |  3.2

Action                   || total
-------------------------++-------
Melee: War axe           ||    60
       Constrict         ||    14
       Tentacles         ||    10
  Use: Potion            ||     2
 Stab: Sleeping          ||     8
Armor: Skin              ||     2
Dodge: Dodged            ||    39
Block: Buckler           ||    13
